MLB
LOS ANGELES (N) DODGERS @ SAN FRANCISCO GIANTS
07/24/2041
 
TOP OF THE 1ST
Los Angeles (N) Dodgers batting - Pitching for San Francisco Giants : LHP Bob Riley
Pitching: LHP Bob Riley
Batting: RHB Rocky Hutchison 0-0: Ball
1-0: Fly out, F9 (Line Drive, 9S, EV 106.9 MPH)
Batting: LHB Sean Williams 0-0: Ball
1-0: Ball
2-0: Ball
3-0: Called Strike
3-1: Base on Balls
Batting: SHB Gonzo Ganjahlez 0-0: Ball
1-0: Grounds into double play, 6-4-3 (Groundball, 56, EV 86.9 MPH)
Top of the 1st over - 0 runs, 0 hits, 0 errors, 0 left on base; Los Angeles (N) 0 - San Francisco 0
BOTTOM OF THE 1ST
San Francisco Giants batting - Pitching for Los Angeles (N) Dodgers : RHP António Trevino
Pitching: RHP António Trevino
Batting: LHB Deron Ferrell 0-0: Ground out 6-3 (Groundball, 6M, EV 109.4 MPH)
Batting: LHB Paolo Pacheco 0-0: Called Strike
0-1: Called Strike
0-2: Strikes out swinging
Batting: RHB Pat Rice 0-0: Swinging Strike
0-1: Foul Ball, location: 9LSF
0-2: Hit by Pitch
Batting: LHB Mario Mendoza 0-0: Called Strike
0-1: Ball
1-1: Ball
2-1: Foul Ball, location: 2F
2-2: Ball
Pat Rice steals 2nd base
3-2: Foul Ball, location: 7LMF
3-2: Foul Ball, location: 3FF
3-2: Base on Balls
Batting: LHB Jeremy Price 0-0: Ball
1-0: Ball
2-0: Ground out 4-3 (Groundball, 4, EV 86.9 MPH)
Bottom of the 1st over - 0 runs, 0 hits, 0 errors, 2 left on base; Los Angeles (N) 0 - San Francisco 0
TOP OF THE 2ND
Los Angeles (N) Dodgers batting - Pitching for San Francisco Giants : LHP Bob Riley
Batting: RHB Abraão Vicente 0-0: Ball
1-0: Ball
2-0: Ball
3-0: Called Strike
3-1: Called Strike
3-2: Strikes out looking
Batting: RHB Luis Yagues 0-0: Swinging Strike
0-1: Foul Ball, location: 2F
0-2: Strikes out looking
Batting: RHB José Costa 0-0: Ball
1-0: Called Strike
1-1: Foul Ball, location: 2F
1-2: Ball
2-2: Ball
3-2: Foul Ball, location: 3F
3-2: Strikes out swinging
Top of the 2nd over - 0 runs, 0 hits, 0 errors, 0 left on base; Los Angeles (N) 0 - San Francisco 0
BOTTOM OF THE 2ND
San Francisco Giants batting - Pitching for Los Angeles (N) Dodgers : RHP António Trevino
Batting: RHB Lou MacDonald 0-0: Swinging Strike
0-1: Foul Ball, location: 2F
0-2: Foul Ball, location: 3F
0-2: Ball
1-2: Ball
2-2: Foul Ball, location: 3DF
2-2: Ball
3-2: SINGLE (Groundball, 6MD, EV 108.8 MPH)
Batting: RHB José Solís 0-0: Ball
1-0: Ball
2-0: Ball
3-0: Called Strike
3-1: Grounds into double play, 5-4-3 (Groundball, 56, EV 94.4 MPH)
Batting: RHB Anastasio Ramos 0-0: Swinging Strike
0-1: Ground out 6-3 (Groundball, 6, EV 81.9 MPH)
Bottom of the 2nd over - 0 runs, 1 hit, 0 errors, 0 left on base; Los Angeles (N) 0 - San Francisco 0
TOP OF THE 3RD
Los Angeles (N) Dodgers batting - Pitching for San Francisco Giants : LHP Bob Riley
Batting: RHB Dana Martin 0-0: Called Strike
0-1: Called Strike
0-2: Foul Ball, location: 5F
0-2: Ground out 4-3 (Groundball, 4MD, EV 96.3 MPH)
Batting: LHB António Moreno 0-0: Called Strike
0-1: Ball
1-1: Ball
2-1: Fly out, F3 (Line Drive, 3L, EV 62.5 MPH)
Batting: RHB T.J. Greenham 0-0: Ball
1-0: Foul Ball, location: 3FF
1-1: SINGLE (Line Drive, 8RS, EV 91.9 MPH)
Batting: RHB Rocky Hutchison 0-0: Called Strike
0-1: SINGLE (Groundball, 3S, EV 71.9 MPH) (infield hit)
T.J. Greenham to second
Batting: LHB Sean Williams 0-0: Ball
1-0: Ball
2-0: Called Strike
2-1: Swinging Strike
2-2: Foul Ball, location: 7LDF
2-2: Strikes out looking
Top of the 3rd over - 0 runs, 2 hits, 0 errors, 2 left on base; Los Angeles (N) 0 - San Francisco 0
BOTTOM OF THE 3RD
San Francisco Giants batting - Pitching for Los Angeles (N) Dodgers : RHP António Trevino
Batting: RHB Ron Account 0-0: Ball
1-0: Ball
2-0: Ball
3-0: Fly out, F7 (Flyball, 78M, EV 83.8 MPH)
Batting: LHB Deron Ferrell 0-0: Called Strike
0-1: Swinging Strike
0-2: Foul Ball, location: 2F
0-2: Fly out, F8 (Flyball, 8LS, EV 90.0 MPH)
Batting: LHB Paolo Pacheco 0-0: Ball
1-0: Foul Ball, location: 2F
1-1: Foul Ball, location: 2F
1-2: Strikes out swinging
Bottom of the 3rd over - 0 runs, 0 hits, 0 errors, 0 left on base; Los Angeles (N) 0 - San Francisco 0
TOP OF THE 4TH
Los Angeles (N) Dodgers batting - Pitching for San Francisco Giants : LHP Bob Riley
Batting: SHB Gonzo Ganjahlez 0-0: Ground out 5-3 (Groundball, 5L, EV 108.8 MPH)
Batting: RHB Abraão Vicente 0-0: Called Strike
0-1: Ground out 1-3 (Groundball, 13S, EV 62.5 MPH)
Batting: RHB Luis Yagues 0-0: Ball
1-0: Foul Ball, location: 5F
1-1: SOLO HOME RUN (Flyball, 78XD, EV 110.0 MPH), Distance : 417 ft
Batting: RHB José Costa 0-0: Foul Ball, location: 7LSFF
0-1: Foul Ball, location: 2F
0-2: Foul Ball, location: 2F
0-2: Ball
1-2: Fly out, F8 (Flyball, 8LD, EV 106.3 MPH)
Top of the 4th over - 1 run, 1 hit, 0 errors, 0 left on base; Los Angeles (N) 1 - San Francisco 0
BOTTOM OF THE 4TH
San Francisco Giants batting - Pitching for Los Angeles (N) Dodgers : RHP António Trevino
Batting: RHB Pat Rice 0-0: Ball
1-0: Foul Ball, location: 23FF
1-1: Ball
2-1: Ground out 5-3 (Groundball, 5, EV 79.4 MPH)
Batting: LHB Mario Mendoza 0-0: Ball
1-0: Called Strike
1-1: Ground out 6-3 (Groundball, 6, EV 86.3 MPH)
Batting: LHB Jeremy Price 0-0: SINGLE (Line Drive, 7S, EV 105.0 MPH)
Batting: RHB Lou MacDonald 0-0: Called Strike
Jeremy Price steals 2nd base
0-1: Swinging Strike
0-2: Foul Ball, location: 7LMF
0-2: Ball
1-2: Ball
2-2: Foul Ball, location: 2F
2-2: Strikes out swinging
Bottom of the 4th over - 0 runs, 1 hit, 0 errors, 1 left on base; Los Angeles (N) 1 - San Francisco 0
TOP OF THE 5TH
Los Angeles (N) Dodgers batting - Pitching for San Francisco Giants : LHP Bob Riley
Batting: RHB Dana Martin 0-0: Ball
1-0: Swinging Strike
1-1: SINGLE (Groundball, 4MD, EV 102.5 MPH)
Batting: LHB António Moreno 0-0: Called Strike
0-1: Bunted foul
0-2: Ball
1-2: Ball
2-2: Foul Ball, location: 2F
2-2: Strikes out swinging
Batting: RHB T.J. Greenham 0-0: Foul Ball, location: 7LSF
0-1: Ball
1-1: Swinging Strike
1-2: Strikes out swinging
Batting: RHB Rocky Hutchison 0-0: Ball
1-0: Foul Ball, location: 9LSFF
1-1: Called Strike
1-2: Strikes out swinging
Top of the 5th over - 0 runs, 1 hit, 0 errors, 1 left on base; Los Angeles (N) 1 - San Francisco 0
BOTTOM OF THE 5TH
San Francisco Giants batting - Pitching for Los Angeles (N) Dodgers : RHP António Trevino
Batting: RHB José Solís 0-0: Foul Ball, location: 2RF
0-1: Swinging Strike
0-2: Ball
1-2: Foul Ball, location: 5F
1-2: Ball
2-2: Foul Ball, location: 3DF
2-2: Fly out, F3 (Flyball, 3D, EV 94.4 MPH)
Batting: RHB Anastasio Ramos 0-0: Ball
1-0: Swinging Strike
1-1: Ball
2-1: Ball
3-1: Foul Ball, location: 2F
3-2: Strikes out swinging
Batting: RHB Ron Account 0-0: Called Strike
0-1: Called Strike
0-2: Ball
1-2: Fly out, F8 (Flyball, 8RD, EV 77.5 MPH)
Bottom of the 5th over - 0 runs, 0 hits, 0 errors, 0 left on base; Los Angeles (N) 1 - San Francisco 0
TOP OF THE 6TH
Los Angeles (N) Dodgers batting - Pitching for San Francisco Giants : LHP Bob Riley
Batting: LHB Sean Williams 0-0: Ball
1-0: Ground out U3 (Groundball, 34, EV 97.5 MPH)
Batting: SHB Gonzo Ganjahlez 0-0: Called Strike
0-1: Foul Ball, location: 23FF
0-2: Ball
1-2: Ground out 4-3 (Groundball, 4M, EV 98.1 MPH)
Batting: RHB Abraão Vicente 0-0: Swinging Strike
0-1: Ball
1-1: SINGLE (Groundball, 6M, EV 98.1 MPH)
Batting: RHB Luis Yagues 0-0: Ball
1-0: Ball
2-0: Ball
3-0: SINGLE (Groundball, 4MD, EV 105.6 MPH)
Abraão Vicente to second
Runner from 2nd tries for 3rd, OUT! 8-5
Top of the 6th over - 0 runs, 2 hits, 0 errors, 1 left on base; Los Angeles (N) 1 - San Francisco 0
BOTTOM OF THE 6TH
San Francisco Giants batting - Pitching for Los Angeles (N) Dodgers : RHP António Trevino
Batting: LHB Deron Ferrell 0-0: Ball
1-0: Foul Ball, location: 2F
1-1: Ball
2-1: Ball
3-1: SINGLE (Groundball, 6MD, EV 110.0 MPH)
Batting: LHB Paolo Pacheco 0-0: Called Strike
0-1: Ball
1-1: Fielders Choice at 2nd, 2-4 (Groundball, 2L, EV 69.4 MPH)
Batting: RHB Pat Rice 0-0: Ball
1-0: Foul Ball, location: 2F
1-1: Ball
Paolo Pacheco steals 2nd base
2-1: Foul Ball, location: 5DF
2-2: Ball
3-2: Foul Ball, location: 7LMFF
3-2: Ground out U3 (Groundball, 34, EV 80.0 MPH)
Paolo Pacheco to third
Batting: LHB Mario Mendoza 0-0: Ball
1-0: Swinging Strike
1-1: Foul Ball, location: 2F
1-2: Ball
2-2: Ball
3-2: Base on Balls
Batting: LHB Jeremy Price 0-0: SINGLE (Groundball, 34, EV 110.6 MPH)
Paolo Pacheco scores
Mario Mendoza to second
Runner from 2nd tries for 3rd, SAFE, no throw by RF
Batting: RHB Lou MacDonald 0-0: Called Strike
0-1: Ball
1-1: Ball
2-1: Swinging Strike
2-2: Ball
3-2: SINGLE (Groundball, 4MD, EV 96.3 MPH)
Mario Mendoza scores
Jeremy Price to second
Jeremy Price to third
Batting: RHB José Solís 0-0: Foul Ball, location: 2F
0-1: Ball
1-1: Foul Ball, location: 2F
1-2: Strikes out swinging
Bottom of the 6th over - 2 runs, 3 hits, 0 errors, 2 left on base; Los Angeles (N) 1 - San Francisco 2
TOP OF THE 7TH
Los Angeles (N) Dodgers batting - Pitching for San Francisco Giants : LHP Bob Riley
Batting: RHB José Costa 0-0: Foul Ball, location: 5F
0-1: Swinging Strike
0-2: Fly out, F5 (Popup, 5SF, EV 83.1 MPH)
Batting: RHB Dana Martin 0-0: Ball
1-0: Ball
2-0: Fly out, F9 (Flyball, 9LM, EV 91.3 MPH)
Batting: LHB António Moreno 0-0: Fly out, F8 (Flyball, 8LD, EV 98.1 MPH)
Top of the 7th over - 0 runs, 0 hits, 0 errors, 0 left on base; Los Angeles (N) 1 - San Francisco 2
BOTTOM OF THE 7TH
San Francisco Giants batting - Pitching for Los Angeles (N) Dodgers : RHP António Trevino
Pitching: RHP Rhett Hawkins
Batting: RHB Anastasio Ramos 0-0: Ground out 4-3 (Groundball, 4, EV 86.3 MPH)
Batting: RHB Ron Account 0-0: Ball
1-0: Called Strike
1-1: Hit by Pitch
Batting: LHB Deron Ferrell 0-0: Called Strike
0-1: Foul Ball, location: 2F
0-2: Strikes out swinging
Batting: LHB Paolo Pacheco 0-0: Swinging Strike
0-1: Foul Ball, location: 2LF
0-2: Ball
1-2: Strikes out swinging
Bottom of the 7th over - 0 runs, 0 hits, 0 errors, 1 left on base; Los Angeles (N) 1 - San Francisco 2
TOP OF THE 8TH
Los Angeles (N) Dodgers batting - Pitching for San Francisco Giants : LHP Bob Riley
Pitching: RHP Mike Thomas
Batting: RHB T.J. Greenham 0-0: Swinging Strike
0-1: Ball
1-1: Fly out, F8 (Line Drive, 8LM, EV 90.0 MPH)
Batting: RHB Rocky Hutchison 0-0: Foul Ball, location: 2F
0-1: Ground out 1-3 (Groundball, P, EV 75.6 MPH)
Batting: LHB Sean Williams 0-0: Ball
1-0: Called Strike
1-1: Ball
2-1: Ball
3-1: Foul Ball, location: 25F
3-2: Ground out 6-3 (Groundball, 6, EV 78.1 MPH)
Top of the 8th over - 0 runs, 0 hits, 0 errors, 0 left on base; Los Angeles (N) 1 - San Francisco 2
BOTTOM OF THE 8TH
San Francisco Giants batting - Pitching for Los Angeles (N) Dodgers : RHP Rhett Hawkins
Pitching: RHP Jeff Clark
Batting: RHB Pat Rice 0-0: Called Strike
0-1: Ball
1-1: Called Strike
1-2: Ball
2-2: Foul Ball, location: 9LSF
2-2: Foul Ball, location: 2F
2-2: Strikes out swinging
Batting: LHB Mario Mendoza 0-0: Foul Ball, location: 2F
0-1: Called Strike
0-2: Ball
1-2: Foul Ball, location: 7LDF
1-2: Ball
2-2: Strikes out swinging
Batting: LHB Jeremy Price 0-0: Ground out 3-1 (Groundball, 34, EV 90.0 MPH)
Bottom of the 8th over - 0 runs, 0 hits, 0 errors, 0 left on base; Los Angeles (N) 1 - San Francisco 2
TOP OF THE 9TH
Los Angeles (N) Dodgers batting - Pitching for San Francisco Giants : RHP Mike Thomas
Batting: SHB Gonzo Ganjahlez 0-0: Swinging Strike
0-1: Ball
1-1: Ball
2-1: Ball
3-1: Swinging Strike
3-2: Foul Ball, location: 2F
3-2: Strikes out swinging
Batting: RHB Abraão Vicente 0-0: Called Strike
0-1: Called Strike
0-2: Strikes out swinging
Batting: RHB Luis Yagues 0-0: Ball
1-0: Ball
2-0: Foul Ball, location: 23F
2-1: SINGLE (Groundball, 6MD, EV 95.6 MPH)
Pitching: RHP Dan Collins
Batting: RHB José Costa 0-0: Called Strike
0-1: Ball
1-1: Foul Ball, location: 7LDF
1-2: Foul Ball, location: 9LMF
1-2: Ball
2-2: Ground out 4-3 (Groundball, 34D, EV 97.5 MPH)
Top of the 9th over - 0 runs, 1 hit, 0 errors, 1 left on base; Los Angeles (N) 1 - San Francisco 2
Sunday, March 24th , 2024 - OOTP Baseball 24.10 Build 82